Cogmind - Beta 10.2 @@@ ROGUE MODE // 2021.12.08 @ 02:40:47 Player: tatata Result: Destroyed by G-34 Mercenary with Small Laser Performance ------------- Evolutions (1) 500 Regions Visited (2) 400 Robots Destroyed (23) 115 Value Destroyed (704) 704 Prototype IDs (2) 40 Alien Tech Used (0) 0 Bonus (0) 0 TOTAL SCORE: 1759 Bonus ------- None Cogmind --------- Core Integrity 0/400 Matter 286/300 Energy 100/100 System Corruption 0% Temperature Cool (6) Movement Core (550) Ox10 Location -9/Materials Parts ------- > --- POWER (1) -------- (None) > --- PROPULSION (3) --- (None) > --- UTILITY (3) ------ High-capacity Storage Unit > --- WEAPON (2) ------- (None) > --- INVENTORY (12) --- Ion Engine Light Ion Engine Light Ion Engine Light Treads Improved Aluminum Leg Heat Sink Large Storage Unit Light Armor Plating Light Armor Plating Medium Armor Plating Peak State ------------ > --- POWER ------------ Improved Ion Engine > --- PROPULSION ------- Aluminum Leg Aluminum Leg Improved Aluminum Leg > --- UTILITY ---------- Heat Sink High-capacity Storage Unit Terrain Scanner > --- WEAPON ----------- Beam Rifle Heavy Assault Rifle > --- INVENTORY -------- Ion Engine Light Ion Engine Light Ion Engine Light Treads Hover Unit Heat Sink Large Storage Unit Light Armor Plating Light Armor Plating Medium Armor Plating Small Laser Light Assault Rifle [Rating: 14] Favorites ----------- Power Ion Engine Engine Ion Engine Propulsion Aluminum Leg Treads Light Treads Leg Aluminum Leg Utility High-capacity Storage Unit Device Terrain Scanner Storage High-capacity Storage Unit Weapon Small Laser Energy Gun Small Laser Ballistic Gun Assault Rifle Ballistic Cannon Light Cannon Build | -11 -10 -9 ------- Run | Scr Mat Mat Slots Evolved 2 | . . 2 Power . | . . . Propulsion 1 | . . 1 Utility 1 | . . 1 Weapon . | . . . Parts Attached 29 | 6 3 20 Power 3 | 1 . 2 Engine 3 | 1 . 2 Core . | . . . Reactor . | . . . Propulsion 9 | 2 . 7 Treads 2 | . . 2 Leg 7 | 2 . 5 Wheel . | . . . Hover . | . . . Flight . | . . . Utility 5 | 1 2 2 Device 3 | . 1 2 Storage 2 | 1 1 . Processor . | . . . Hackware . | . . . Protection . | . . . Artifact . | . . . Weapon 12 | 2 1 9 Energy Gun 6 | 1 . 5 Energy Cannon . | . . . Ballistic Gun 5 | 1 1 3 Ballistic Cannon 1 | . . 1 Launcher . | . . . Special Weapon . | . . . Impact Weapon . | . . . Slashing Weapon . | . . . Piercing Weapon . | . . . Special Melee Weapon . | . . . Unidentified Prototypes . | . . . Parts Lost 25 | . . 25 Power 2 | . . 2 Propulsion 9 | . . 9 Utility 3 | . . 3 Weapon 11 | . . 11 Highest Loss Streak 10 | . . 10 Average Slot Usage (%) 90 | . 89 91 Engine 11 | . 14 10 Treads 5 | . . 8 Leg 24 | . 28 22 Device 14 | . 4 19 Storage 11 | . 14 11 Energy Gun 10 | . 14 8 Ballistic Gun 11 | . 14 10 Naked Turns . | . . . Heaviest Build 47 | 11 41 47 Greatest Support 40 | 20 20 40 Greatest Overweight (x) 11 | 1 2 11 Average Overweight (x) . | . . 1 Largest Inventory Capacity 12 | 6 12 12 Average Capacity 10 | 5 7 12 Most Carried 12 | 6 7 12 Average Carried 7 | 3 6 8 Final Capacity 12 | 6 12 12 Final Carried 10 | 6 7 10 Class Distribution -------------------- 63% | Mutant 36% | Scavenger-Mutant Dominant Class ---------------- Mutant | -10/Materials Scavenger-Mutant | -9/Materials Resources | -11 -10 -9 ----------- Run | Scr Mat Mat Matter Collected 621 | 227 129 265 Remotely . | . . . Salvage Created 833 | . 205 628 Parts 61 | . 19 42 Haulers Intercepted . | . . . Recyclers Shooed 1 | . . 1 Parts Field Recycled . | . . . Retrieved Matter . | . . . Parts Self-Destructed . | . . . Prevented . | . . . Kills | -11 -10 -9 ------- Run | Scr Mat Mat Combat Hostiles Destroyed 23 | . 7 16 Guns 22 | . 7 15 Cannons 1 | . . 1 Classes Destroyed 3 | . 2 1 Swarmer 6 | . 3 3 Grunt 14 | . 4 10 Sentry 3 | . . 3 Best Kill Streak 3 | . 3 3 Combat Bots Only 3 | . 3 3 Max Kills in Single Turn 1 | . 1 1 Gunslinging . | . . . Exploded . | . . . Melee . | . . . Uniques/NPCs Destroyed . | . . . Combat | -11 -10 -9 -------- Run | Scr Mat Mat Damage Taken 2443 | . 219 2224 Core 435 | . 29 406 Absorbed by Shields . | . . . Core Remaining (%) 94 | 100 88 . Volleys Fired 110 | . 22 88 Largest 2 | . 2 2 Hottest 79 | . 60 79 Shots Fired 191 | . 44 147 Gun 175 | . 44 131 Cannon 16 | . . 16 Launcher . | . . . Special . | . . . Kinetic 108 | . 22 86 Thermal 83 | . 22 61 Explosive . | . . . Electromagnetic . | . . . Robot Hit Streak 12 | . 12 8 Robot Miss Streak 5 | . 2 5 Penetration Max . | . . . Secondary Targets 2 | . 1 1 Max Gunslinging Chain 1 | . 1 1 Shots Hit Robots 122 | . 30 92 Core Hits 46 | . 12 34 Critical Hits 1 | . . 1 Critical Kills . | . . . Critical Parts Destroyed . | . . . Melee Attacks . | . . . Impact . | . . . Slashing . | . . . Piercing . | . . . Sneak Attacks . | . . . Combat Hostiles . | . . . Follow-up Attacks . | . . . Damage Inflicted 1455 | . 374 1081 Guns 1341 | . 374 967 Cannons 113 | . . 113 Explosions . | . . . Melee . | . . . Ramming 1 | . . 1 Kinetic 741 | . 169 572 Thermal 713 | . 205 508 Explosive . | . . . Electromagnetic . | . . . Impact . | . . . Slashing . | . . . Piercing . | . . . Highest Corruption . | . . . Average Corruption . | . . . Corruption Purged . | . . . Overload Shots . | . . . Overflow Damage . | . . . Projectiles . | . . . Explosions . | . . . Melee . | . . . Knockbacks 3 | . . 3 Impact . | . . . Kinetic 3 | . . 3 Secondary . | . . . Self-Inflicted Damage . | . . . Shots . | . . . Rammed 1 | . . 1 Targets Rammed 1 | . . 1 Kicked . | . . . Crushed . | . . . Highest Temperature 264 | . 51 264 Average Temperature 61 | . 23 76 Received Heat Transfer 1149 | . 99 1050 Effects 1 | . . 1 Energy Bleed 1 | . . 1 Siege Activations . | . . . Robots Corrupted . | . . . Combat Hostiles . | . . . Parts Fried . | . . . Impact Corruptions . | . . . Robots Melted . | . . . Combat Hostiles . | . . . Parts Melted 2 | . . 2 Heat Transferred 1652 | . 450 1202 Parts Sabotaged . | . . . Parts Stolen . | . . . Parts Stripped . | . . . Power Chain Reactions . | . . . Missiles Intercepted . | . . . Alert | -11 -10 -9 ------- Run | Scr Mat Mat Peak Influence 228 | . 228 190 Initial 11 | . . 11 Average 77 | . 86 79 Maximum Alert Level 1 | . 1 . Low Security (%) 97 | 100 91 100 Level 1 2 | . 8 . Level 2 . | . . . Level 3 . | . . . Level 4 . | . . . Level 5 . | . . . High Security . | . . . Max Security . | . . . Squads Dispatched 5 | . 1 4 Investigation . | . . . Extermination . | . . . Reinforcement 5 | . 1 4 Assault . | . . . Garrison . | . . . Intercept . | . . . Construction Impeded . | . . . Haulers Reinforced . | . . . Stealth | -11 -10 -9 --------- Run | Scr Mat Mat Distress Signals 4 | . 2 2 Communications Jammed . | . . . Distress Signals . | . . . Times Spotted 44 | . 12 32 Peak Tracking Total 5 | . 5 5 Tactical Retreats 2 | . 1 1 Traps | -11 -10 -9 ------- Run | Scr Mat Mat Traps Triggered . | . . . Indirectly . | . . . Trap Hack Attempts . | . . . Triggered . | . . . Disarmed . | . . . Reprogrammed . | . . . Reused . | . . . Traps Extracted . | . . . Installed . | . . . Triggered . | . . . Machines | -11 -10 -9 ---------- Run | Scr Mat Mat Machines Disabled 2 | . . 2 Max in Single Turn 1 | . . 1 Machines Sabotaged . | . . . Garrisons Compromised . | . . . Overloaded Fab Kills . | . . . Fab Network Shutdowns . | . . . Hacking | -11 -10 -9 --------- Run | Scr Mat Mat Machines Accessed 4 | . 3 1 Terminals 4 | . 3 1 Fabricators . | . . . Repair Stations . | . . . Recycling Units . | . . . Scanalyzers . | . . . Garrison Access . | . . . Total Hacks 14 | . 13 1 Successful 6 | . 6 . Failed 7 | . 6 1 Catastrophic 1 | . . 1 Database Lockouts 1 | . 1 . Manual 10 | . 9 1 Terminals 14 | . 13 1 Fabricators . | . . . Repair Stations . | . . . Recycling Units . | . . . Scanalyzers . | . . . Garrison Access . | . . . Terminal Hacks 6 | . 6 . Robot Analysis 3 | . 3 . Prototype ID Bank 1 | . 1 . Terminal Index 1 | . 1 . Locate Traps 1 | . 1 . Fabricator Hacks . | . . . Repair Station Hacks . | . . . Recycling Unit Hacks . | . . . Scanalyzer . | . . . Garrison Access Hacks . | . . . Unauthorized Hacks . | . . . Terminals . | . . . Fabricators . | . . . Repair Stations . | . . . Recycling Units . | . . . Scanalyzers . | . . . Garrison Access . | . . . Data Cores Recovered . | . . . Used . | . . . Hacking Detections 3 | . 2 1 Full Trace Events 1 | . 1 . Feedback Events . | . . . Feedback Blocked . | . . . Robot Schematics Acquired . | . . . Robots Built . | . . . Matter . | . . . Time . | . . . Total Robot Build Rating . | . . . Part Schematics Acquired . | . . . Parts Built . | . . . Matter . | . . . Time . | . . . Total Part Build Rating . | . . . Parts Repaired . | . . . Time . | . . . Parts Recycled . | . . . Recycled Matter . | . . . Retrieved Matter . | . . . Retrieved Components . | . . . Parts Scanalyzed . | . . . Part Schematics Acquired . | . . . Parts Damaged . | . . . Bothacking | -11 -10 -9 ------------ Run | Scr Mat Mat Used RIF Installer . | . . . Robots Hacked . | . . . Non-combat . | . . . Combat . | . . . Robot Hacks Applied . | . . . Relay Couplers Released . | . . . Robots Rewired . | . . . Allies Hacked . | . . . Hacks Repelled . | . . . Allies | -11 -10 -9 -------- Run | Scr Mat Mat Total Allies . | . . . Largest Group . | . . . Highest-Rated Group . | . . . Highest-Rated Ally . | . . . Total Orders . | . . . Ally Attacks . | . . . Total Damage . | . . . Kills . | . . . Allies Corrupted . | . . . Allies Melted . | . . . Intel | -11 -10 -9 ------- Run | Scr Mat Mat Robot Analysis Total 3 | . 3 . Derelict Logs Recovered . | . . . Drone Launches . | . . . Drone Recoveries . | . . . Exploration | -11 -10 -9 ------------- Run | Scr Mat Mat Turns Passed 1373 | 64 418 891 Spaces Moved 620 | 44 222 354 Core 14 | 11 . 3 Treads 80 | . . 80 Legs 526 | 33 222 271 Wheels . | . . . Hover . | . . . Flight . | . . . Fastest Speed 50 | 50 120 150 Average Speed 150 | 113 130 167 Slowest Speed 600 | 120 180 600 Overloaded Moves . | . . . Propulsion Burnouts . | . . . Robots Hopped . | . . . Cave-ins Triggered . | . . . Exploration Rate (%) 27 | 3 44 34 Regions Visited 2 Branch Regions . Pre-discovered Areas . | . . . Known Exits Taken . | . . . Unknown Exits Taken 2 | 1 1 . Scrap Searched . | . . . Spaces Dug . | . . . Terrain Destroyed . | . . . Melee . | . . . Projectile . | . . . AOE . | . . . Terrain Rammed . | . . . Walls Destroyed . | . . . Machines Disabled . | . . . Actions | -11 -10 -9 --------- Run | Scr Mat Mat Total 875 | 55 308 512 Wait 82 | . 55 27 Move 618 | 43 221 354 Hop . | . . . Pick Up 28 | 6 3 19 Fast Attach 14 | 6 2 6 Attach 14 | . . 14 Detach . | . . . Swap 1 | . 1 . Drop 7 | . 4 3 Fire 110 | . 22 88 Melee . | . . . Ram . | . . . Kick 1 | . . 1 Crush . | . . . Escape Stasis . | . . . Rewire . | . . . Trap . | . . . Miscellaneous . | . . . Route ------- -11/Scrapyard -10/Materials (discovered 2 exits: *Mat / [*Min]) -9/Materials History --------- Turn | Location | Event 8 | -11/Scrapyard | Discovered new exit (range 15) 65 | -11/Scrapyard | Entered Materials 304 | -10/Materials | Discovered new exit (range 7) 316 | -10/Materials | Build established: Mutant 354 | -10/Materials | Discovered new exit (range 15) 452 | -10/Materials | Central database locked down 483 | -10/Materials | Entered another Materials area 483 | -9/Materials | Evolved 2 slots: Propulsion x1, Utility x1 680 | -9/Materials | Lost 5 parts (1p2n2w) 861 | -9/Materials | Lost 3 parts (1n1u1w) 1169 | -9/Materials | Build established: Scavenger-Mutant 1342 | -9/Materials | Core integrity fell below 50% 1370 | -9/Materials | Core integrity fell below 20% 1374 | -9/Materials | Destroyed by G-34 Mercenary with Small Laser Last Messages --------------- 01338_ K-01 Serf collects debris. 01340_ R-06 Scavenger collects Aluminum Leg. 01341_ R-06 Scavenger collects Heat Sink. 01343_ K-01 Serf collects debris. 01344_ R-06 Scavenger collects Ion Engine. 01344_ G-34 Mercenary destroyed. 01344_ Switching to secondary target: G-47 Trooper. 01346_ K-01 Serf collects debris. 01349_ Imp. Ion Engine destroyed. 01351_ U-05 Engineer builds a Door. 01357_ Lgt. Assault Rifle destroyed. 01359_ Imp. Aluminum Leg destroyed. 01361_ Sml. Laser destroyed. 01361_ Aluminum Leg destroyed. 01361_ Heat Sink destroyed. 01362_ Slammed into G-47 Trooper. 01362_ Destabilizing: System interference. 01362_ Terrain Scanner temporarily disabled. 01363_ Aluminum Leg destroyed. 01365_ Terrain Scanner destroyed. Map ----- +----------------------------------------------------+ | ???# =# """ #?????????????????? | | ???# """"" # """ #?????????????????? | | ?#?# ""T"" # " #?????????????????? | | ???# %/ #?????????????????? | | ???# """ """!# #?????????????????? | | ???# """ """ ####+###### #######?????????????????? | | ???# """ """ ## ### #???????????????????????? | | ???# ## #?# #???????????????????????? | | ???############ """ #?# #???????????????????????? | | ????????#?????# """ #?# #???????????????????????? | | ??????????#?#?# """ #?# #???????????????????????? | | ??#???????????# ### #???????????????????????? | | ??????????????########?# #???#???????????????????? | | ??????????????????????## ##??????????????????????? | | ???????#?????????????##a #??????????????????????? | | ??????????????? ?????+ #??????????????????????? | | ?????????????????????## u #?????#????????????????? | | ??????????????????????# #??????????????????????? | | ?????????????????? ???# #??????????????????????? | | ??????????????????????# ##?????????????????????? | | ?????????????????????## ## ?????? ?????????????? | | ???????????#######+### #?????????????????????? | | ???????? *% #???? ????????????????? | | ???????? %= Tgg#?????????????????????? | | ???????? g g# ????????????????????? | | ?????????############# @ #??????? ?????????????? | | ?????????????????????## ##???????? ????????????? | | ????????????#???????? # #??????????????????????? | | ????????????????????? # #??????????????????????? | | ???????????????? ?????/o #?????? ???????????????? | | ?????????????????"??? # #???#??????????????????? | | ???????????????????? # #??????????????????????? | | ??????????????????? ?# #??????????????????????? | | ?????????????????####?# #??????????????????????? | | ??????????????????????# #??????????????????????? | | ??????????????????????# #??????????????????????? | | ??????????????????????+ #??????????????????????? | | ??????????????????????# ???????????????????????? | | ??????????????????????# ???????????????????????? | | ??????????????????????# ???????????????????????? | | ???????????????????????#+#???????????????????????? | | ?????????????????????????????????????????????????? | | ?????????????????????????????????????????????????? | | ?????????????????????????????????????????????????? | | ?????????????????????????????????????????????????? | | ?????????????????????????????????????????????????? | | ?????????????????????????????????????????????????? | | ?????????????????????????????????????????????????? | | ?????????????????????????????????????????????????? | | | +----------------------------------------------------+ Best States ------------- Heat Dissipation 38 Energy Generation 12 Energy Capacity 265 Matter Stores 300 Matter Capacity 300 Sight Range 16 Robot Scan Range 10 Terrain Scan Range 14 Terrain Scan Density 10 Evasion (%) 40 Recoil Reduction 2 Item Schematics ----------------- None Robot Schematics ------------------ None Fabricated ------------ Nothing Alien Tech Used ----------------- None Achievements -------------- root@ Challenges ------------ None Game ------ Seed NovaBattlePerforator Manual? 0 Play Time 00:19:50 Cumulative 59.9 hours Start 2021.12.08 @ 01:31:24 End 2021.12.08 @ 02:40:47 Sessions 1 Manual Loads 0 Difficulty Rogue Special Mode None Game No. 72 Rogue 70 Adventurer 0 Explorer 2 Win Type - Total 0 Types 0/0/0/0/0/0/0/0/0 Lore% 39 Gallery% 36 Achievement% 26 Wizard Run 0 Options --------- ASCII 0 Keyboard 0 Movement Mouse Keybinds 0 Fullscreen 1 Font 18/X11Bold Map View 76x50 Tactical HUD 1 Map Filters NONE Filters NONE Steam 1 RUN: 64735bff-c610-4f38-b57c-861efdae931d